 Dungeon Crawl Stone Soup version 0.26-a0-490-gf8362a0c98 (webtiles) character file.

Game seed: 9803023304272945621

18 Gobser the Magician (level 2, -1/19 HPs)
             Began as a Demonspawn Hedge Wizard on Aug 3, 2020.
             Slain by a worm (9 damage)
             ... on level 2 of the Dungeon on Aug 4, 2020.
             The game lasted 00:07:23 (1275 turns).

Gobser the Magician (Demonspawn Hedge Wizard)       Turns: 1275, Time: 00:07:23

Health: -1/19      AC:  3    Str: 10    XL:     2   Next: 48%
Magic:  1/6        EV: 12    Int: 15    God:
Gold:   61         SH:  0    Dex: 12    Spells: 6/7 levels left

rFire    . . .     SeeInvis .   a - +0 dagger
rCold    . . .     Faith    .   (no shield)
rNeg     . . .     Spirit   .   b - +1 robe
rPois    .         Reflect  .   c - +0 hat
rElec    .         Harm     .   (no cloak)
rCorr    .                      (no gloves)
MR       .....                  (no boots)
Stlth    ++........             (no amulet)
HPRegen  0.06/turn              (no ring)
MPRegen  0.10/turn              (no ring)

@: no status effects
A: powered by death 1
a: no special abilities


You were on level 2 of the Dungeon.
You visited 1 branch of the dungeon, and saw 2 of its levels.

You collected 61 gold pieces.

Inventory:

Hand Weapons
 a - a +0 dagger (weapon)
Armour
 b - a +1 robe (worn)
 c - a +0 hat (worn)
Scrolls
 e - a scroll of teleportation {unknown}
 k - a scroll of amnesia
Potions
 f - a potion of resistance {unknown}
 h - a potion of stabbing {unknown}
 i - a potion of berserk rage {unknown}


   Skills:
 + Level 0.2 Short Blades
 + Level 1.9 Dodging
 + Level 2.0 Stealth
 + Level 3.4 Spellcasting
 + Level 1.1 Conjurations
   Level 1.0 Summonings
   Level 0.8 Translocations


You had 6 spell levels left.
You knew the following spells:

 Your Spells              Type           Power        Failure   Level
a - Magic Dart            Conj           #...         12%         1

Your spell library contained the following spells:

 Spells                   Type           Power        Failure   Level
 Call Imp                 Summ           #.......     19%         2
 Blink                    Tloc           N/A          21%         2
 Slow                     Hex            #.......     28%         2
 Conjure Flame            Conj/Fire      #.......     41%         3
 Mephitic Cloud           Conj/Pois/Air  #.......     45%         3


Dungeon Overview and Level Annotations

Branches:
Dungeon (2/15)

Altars:


Innate Abilities, Weirdness & Mutations

You regenerate a little health from kills.


Message History

Aim: a worm (moderately wounded)
The magic dart hits the worm.
The worm is heavily wounded.
Casting: Magic Dart (safe; 12% risk of failure)
Confirm with . or Enter, or press ? or * to list all spells.
Aiming: Magic Dart (safe; 12% risk of failure)
Press: ? - help, Shift-Dir - straight line, f/p - worm
Aim: a worm (heavily wounded)
The magic dart hits the worm.
The worm is heavily wounded.
You hit the worm.
The worm is severely wounded.
The worm bites you!
Ouch! That really hurt!
You hit the worm but do no damage.
The worm is severely wounded.
You hit the worm.
The worm is almost dead.
The worm bites you!
You die...

###############
###.............#######
#.....................#
###.#######.#########.#
#######.#######.# #.#
#.........@.....#########.#
###########w###......>.....
#.# #..####.###.#
#...........###.#
..........#......
#....?..........#
.#...........#.#.# ).
..................
##.#.#.##....#...#.#..


You could see a worm.

Vanquished Creatures
  4 bats
  2 goblins
  5 hobgoblins
  A quokka (D:2)
  2 frilled lizards (D:1)
  A kobold (D:1)
  2 rats (D:1)
17 creatures vanquished.

Notes
Turn   | Place    | Note
-------+----------+-------------------------------------------
     0 | D:1      | Gobser the Demonspawn Hedge Wizard began the quest for the
                  | Orb.
     0 | D:1      | Reached XP level 1. HP: 13/13 MP: 4/4
   312 | D:1      | Gained mutation: You regenerate a little health from kills.
                  | [demonic ancestry]
   312 | D:1      | Reached XP level 2. HP: 9/19 MP: 4/6
   481 | D:1      | Upgraded the game from 0.26-a0-489-g112e8ad46e to
                  | 0.26-a0-490-gf8362a0c98
  1275 | D:2      | Slain by a worm

Illustrated notes

Levels and vault maps discovered:
D:1:      matt_arrival_refuge, layout_loops_ring
D:2:      minmay_general_purpose_star, layout_basic, grunt_ministairs_1,
          serial_park_tiny_1

Skill      XL: |  1  2 |
---------------+-------+-----
Stealth        | 2 |  2.0
Short Blades   | |  0.2
Dodging        | |  1.9
Spellcasting   | |  3.4
Conjurations   | |  1.1
Summonings     | |  1.0
Translocations | |  0.8

Action                   || total
-------------------------++-------
Melee: Dagger            ||    57
 Cast: Magic Dart        ||    25
  Use: Scroll            ||     8
       Potion            ||     3
 Stab: Invisible         ||     1
Armor: Robe              ||     6
Dodge: Dodged            ||    41

Table legend: (Time is in decaauts)
 A = Elapsed time spent in this place.
 B = Non-inter-level travel time spent in this place.
 C = Inter-level travel time spent in this place.
 D = Time resting spent in this place.
 E = Time spent auto-exploring this place.
 F = Levels seen in this place.
 G = Mean time per level.
                   A        B        C        D        E       F      G
               +--------+--------+--------+--------+--------+-----+--------+
         Total |   1274 |   1274 |      0 |    365 |    342 |   2 |  637.0 |
       Dungeon |   1274 |   1274 |      0 |    365 |    342 |   2 |  637.0 |
               +--------+--------+--------+--------+--------+-----+--------+

Top non-repeatable levels by time:
     D:1: 906 daAuts
     D:2: 368 daAuts
